TOP OF THE 1ST |
Gainesville Guidos batting - Pitching for Memphis Blues : RHP Chris Jennings
|
Pitching: RHP Chris Jennings
|
|
Batting: RHB Ramiro Santana
|
0-0: Ball 1-0: Ball 2-0: Called Strike 2-1: Foul Ball, location: 2F 2-2: Ball 3-2: Fly out, F9 (Line Drive, 9)
|
Batting: RHB César Castillo
|
0-0: Ball 1-0: Ball 2-0: Foul Ball, location: 2F 2-1: Fly out, F7 (Flyball, 7)
|
Batting: RHB Rudy Boyd
|
0-0: DOUBLE (Line Drive, 89D)
|
Batting: RHB Adrián López
|
0-0: Foul Ball, location: 2F 0-1: Fly out, F6 (Line Drive, 6)
|
Top of the 1st over - 0 runs, 1 hit, 0 errors, 1 left on base; Gainesville 0 - Memphis 0 |
BOTTOM OF THE 1ST |
Memphis Blues batting - Pitching for Gainesville Guidos : LHP Anthony Robinson
|
Pitching: LHP Anthony Robinson
|
|
Batting: RHB Brandon Townsley
|
0-0: Called Strike 0-1: Ball 1-1: Ball 2-1: Ball 3-1: Ground out U3 (Groundball, 34)
|
Batting: LHB Brenton Carter
|
0-0: Swinging Strike 0-1: Ball 1-1: Swinging Strike 1-2: Ball 2-2: Ball 3-2: Strikes out looking
|
Batting: RHB Julian Lee
|
0-0: Ball 1-0: Reached on error, E5 (Groundball, 5)
|
Batting: SHB Fernando Gutiérrez
|
0-0: Foul Ball, location: 2F 0-1: Ball 1-1: Ball 2-1: Fly out, F8 (Flyball, 8LS)
|
Bottom of the 1st over - 0 runs, 0 hits, 1 error, 1 left on base; Gainesville 0 - Memphis 0 |
TOP OF THE 2ND |
Gainesville Guidos batting - Pitching for Memphis Blues : RHP Chris Jennings
|
Batting: RHB Doug Coleman
|
0-0: Ball 1-0: Ball 2-0: Called Strike 2-1: SINGLE (Groundball, 6D)
|
Batting: SHB José Sousa
|
0-0: Ball 1-0: Ball 2-0: Called Strike 2-1: Ball 3-1: Base on Balls Doug Coleman to second
|
Batting: LHB Scott Young
|
0-0: Foul Ball, location: 2F 0-1: Swinging Strike 0-2: Strikes out swinging
|
Batting: RHB Dave Marshall
|
0-0: Called Strike 0-1: Ball 1-1: Ball 2-1: Foul Ball, location: 2F 2-2: Fly out, F6 (Popup, 6S)
|
Batting: RHB Santiago Díaz
|
0-0: Ball 1-0: Ball 2-0: Foul Ball, location: 2F 2-1: Called Strike 2-2: Foul Ball, location: 2F 2-2: Ball 3-2: Foul Ball, location: 2F 3-2: Foul Ball, location: 2F 3-2: Fly out, F6 (Line Drive, 6)
|
Top of the 2nd over - 0 runs, 1 hit, 0 errors, 2 left on base; Gainesville 0 - Memphis 0 |
BOTTOM OF THE 2ND |
Memphis Blues batting - Pitching for Gainesville Guidos : LHP Anthony Robinson
|
Batting: RHB Ryan Nelson
|
0-0: Called Strike 0-1: Ball 1-1: Ground out 5-3 (Groundball, 5)
|
Now at 3B: Cornell Payne
|
|
Batting: RHB Kirk Powell
|
0-0: Called Strike 0-1: Called Strike 0-2: Ball 1-2: Foul Ball, location: 2F 1-2: Foul Ball, location: 2F 1-2: Ball 2-2: Ball 3-2: Fly out, F7 (Flyball, 7S)
|
Batting: SHB José Velásquez
|
0-0: Ball 1-0: Foul Ball, location: 2F 1-1: Called Strike 1-2: Strikes out swinging
|
Bottom of the 2nd over - 0 runs, 0 hits, 0 errors, 0 left on base; Gainesville 0 - Memphis 0 |
TOP OF THE 3RD |
Gainesville Guidos batting - Pitching for Memphis Blues : RHP Chris Jennings
|
Batting: RHB Ramiro Santana
|
0-0: Ball 1-0: Foul Ball, location: 2F 1-1: SINGLE (Groundball, 56S) (infield hit)
|
Batting: RHB César Castillo
|
0-0: Called Strike 0-1: Foul Ball, location: 2F 0-2: Ball 1-2: Ball 2-2: Foul Ball, location: 2F 2-2: Fly out, F7 (Flyball, 7LMF)
|
Batting: RHB Rudy Boyd
|
0-0: Foul Ball, location: 2F 0-1: Ball 1-1: DOUBLE (Line Drive, 7LS) Ramiro Santana to third
|
Batting: RHB Adrián López
|
0-0: Fly out, F8 (Flyball, 8LD) Runner from 3rd tags up, SCORES, throw made
|
Batting: RHB Doug Coleman
|
0-0: Ground out 5-3 (Groundball, 56)
|
Top of the 3rd over - 1 run, 2 hits, 0 errors, 1 left on base; Gainesville 1 - Memphis 0 |
BOTTOM OF THE 3RD |
Memphis Blues batting - Pitching for Gainesville Guidos : LHP Anthony Robinson
|
Batting: SHB Ron Winston
|
0-0: Called Strike 0-1: Called Strike 0-2: Ball 1-2: Foul Ball, location: 2F 1-2: Fly out, F8 (Line Drive, 8RD)
|
Batting: LHB Freddy Torres
|
0-0: Ball 1-0: Fly out, F7 (Flyball, 7)
|
Batting: RHB Brandon Townsley
|
0-0: Ground out 5-3 (Groundball, 56)
|
Bottom of the 3rd over - 0 runs, 0 hits, 0 errors, 0 left on base; Gainesville 1 - Memphis 0 |
TOP OF THE 4TH |
Gainesville Guidos batting - Pitching for Memphis Blues : RHP Chris Jennings
|
Batting: SHB José Sousa
|
0-0: Foul Ball, location: 2F 0-1: Ball 1-1: Ball 2-1: Ground out 4-3 (Groundball, 4)
|
Batting: LHB Scott Young
|
0-0: Called Strike 0-1: Foul Ball, location: 2F 0-2: Ball 1-2: Ground out U3 (Groundball, 3)
|
Batting: SHB Cornell Payne
|
0-0: Foul Ball, location: 2F 0-1: Fly out, F9 (Flyball, 89M)
|
Top of the 4th over - 0 runs, 0 hits, 0 errors, 0 left on base; Gainesville 1 - Memphis 0 |
BOTTOM OF THE 4TH |
Memphis Blues batting - Pitching for Gainesville Guidos : LHP Anthony Robinson
|
Batting: LHB Brenton Carter
|
0-0: Ball 1-0: Ball 2-0: Ball 3-0: Base on Balls
|
Batting: RHB Julian Lee
|
0-0: Ball 1-0: Ball 2-0: Fly out, F9 (Flyball, 9LS)
|
Batting: SHB Fernando Gutiérrez
|
0-0: Foul Ball, location: 2F 0-1: Ball 1-1: Ball 2-1: Fly out, F4 (Line Drive, 4)
|
Batting: RHB Ryan Nelson
|
0-0: Ball 1-0: Fly out, F8 (Flyball, 8LS)
|
Bottom of the 4th over - 0 runs, 0 hits, 0 errors, 1 left on base; Gainesville 1 - Memphis 0 |
TOP OF THE 5TH |
Gainesville Guidos batting - Pitching for Memphis Blues : RHP Chris Jennings
|
Batting: RHB Santiago Díaz
|
0-0: Called Strike 0-1: Ball 1-1: Ball 2-1: Ground out 4-3 (Groundball, 4M)
|
Batting: RHB Ramiro Santana
|
0-0: Fly out, F8 (Flyball, 8LD)
|
Batting: RHB César Castillo
|
0-0: Foul Ball, location: 2F 0-1: Ball 1-1: Swinging Strike 1-2: Strikes out swinging
|
Top of the 5th over - 0 runs, 0 hits, 0 errors, 0 left on base; Gainesville 1 - Memphis 0 |
BOTTOM OF THE 5TH |
Memphis Blues batting - Pitching for Gainesville Guidos : LHP Anthony Robinson
|
Batting: RHB Kirk Powell
|
0-0: Fly out, F9 (Flyball, 89M)
|
Batting: SHB José Velásquez
|
0-0: Ball 1-0: Foul Ball, location: 2F 1-1: Foul Ball, location: 2F 1-2: Strikes out looking
|
Batting: SHB Ron Winston
|
0-0: Ball 1-0: Foul Ball, location: 2F 1-1: Foul Ball, location: 2F 1-2: Fly out, F5 (Line Drive, 5L)
|
Bottom of the 5th over - 0 runs, 0 hits, 0 errors, 0 left on base; Gainesville 1 - Memphis 0 |
TOP OF THE 6TH |
Gainesville Guidos batting - Pitching for Memphis Blues : RHP Chris Jennings
|
Batting: RHB Rudy Boyd
|
0-0: Ball 1-0: Fly out, F8 (Flyball, 78D)
|
Batting: RHB Adrián López
|
0-0: SINGLE (Groundball, 56D)
|
Batting: RHB Doug Coleman
|
0-0: Ball 1-0: Foul Ball, location: 2F 1-1: Ball 2-1: Foul Ball, location: 2F 2-2: Foul Ball, location: 2F 2-2: Ball 3-2: Strikes out swinging
|
Batting: SHB José Sousa
|
0-0: Foul Ball, location: 2F 0-1: Fly out, F7 (Flyball, 78XD)
|
Top of the 6th over - 0 runs, 1 hit, 0 errors, 1 left on base; Gainesville 1 - Memphis 0 |
BOTTOM OF THE 6TH |
Memphis Blues batting - Pitching for Gainesville Guidos : LHP Anthony Robinson
|
Batting: LHB Freddy Torres
|
0-0: Fly out, F8 (Flyball, 8LD)
|
Batting: RHB Brandon Townsley
|
0-0: Foul Ball, location: 2F 0-1: Ball 1-1: Foul Ball, location: 2F 1-2: Foul Ball, location: 2F 1-2: Foul Ball, location: 2F 1-2: Ball 2-2: Foul Ball, location: 2F 2-2: Ball 3-2: Foul Ball, location: 2F 3-2: DOUBLE (Flyball, 89D)
|
Batting: LHB Brenton Carter
|
0-0: Ball 1-0: Called Strike 1-1: Foul Ball, location: 2F 1-2: Ball 2-2: Ground out 1-3 (Groundball, 13) Brandon Townsley to third
|
Batting: RHB Julian Lee
|
0-0: Ball 1-0: Foul Ball, location: 2F 1-1: Ground out 5-3 (Groundball, 56)
|
Bottom of the 6th over - 0 runs, 1 hit, 0 errors, 1 left on base; Gainesville 1 - Memphis 0 |
TOP OF THE 7TH |
Gainesville Guidos batting - Pitching for Memphis Blues : RHP Chris Jennings
|
Pitching: LHP Joe Barnes
|
|
Batting: LHB Scott Young
|
0-0: Called Strike 0-1: Foul Ball, location: 2F 0-2: SINGLE (Line Drive, 78M)
|
Batting: SHB Cornell Payne
|
0-0: Swinging Strike 0-1: Ball 1-1: Ball 2-1: Ball 3-1: Base on Balls Scott Young to second
|
Pinch Runner at 2nd Júlio Galló:
|
|
Batting: RHB Santiago Díaz
|
0-0: Ball 1-0: Called Strike 1-1: Ball 2-1: DOUBLE (Groundball, 5L) Júlio Galló scores Cornell Payne to third Runner from 3rd tries for Home, SAFE, no throw
|
Pitching: RHP Luis Pistoni
|
|
Batting: RHB Ramiro Santana
|
0-0: Called Strike 0-1: Foul Ball, location: 2F 0-2: Foul Ball, location: 2F 0-2: Ball 1-2: Ball 2-2: Ground out 4-3 (Groundball, 4) Santiago Díaz to third
|
Batting: RHB César Castillo
|
0-0: Ball 1-0: Ball 2-0: Ball 3-0: Base on Balls
|
Batting: RHB Rudy Boyd
|
0-0: Ball 1-0: Ball Passed Ball! Santiago Díaz scores César Castillo to second 2-0: Ball 3-0: Base on Balls
|
Batting: RHB Adrián López
|
0-0: Ball 1-0: Grounds into double play, 6-4-3 (Groundball, 6)
|
Top of the 7th over - 3 runs, 2 hits, 0 errors, 1 left on base; Gainesville 4 - Memphis 0 |
BOTTOM OF THE 7TH |
Memphis Blues batting - Pitching for Gainesville Guidos : LHP Anthony Robinson
|
Batting: SHB Fernando Gutiérrez
|
0-0: Called Strike 0-1: Ball 1-1: DOUBLE (Line Drive, 7LS)
|
Batting: RHB Ryan Nelson
|
0-0: Swinging Strike 0-1: Ball 1-1: Ball Wild Pitch! Fernando Gutiérrez to third 2-1: Ball 3-1: Foul Ball, location: 2F 3-2: Ground out 6-3 (Groundball, 6) Fernando Gutiérrez scores
|
Batting: RHB Kirk Powell
|
0-0: Called Strike 0-1: Swinging Strike 0-2: Foul Ball, location: 2F 0-2: Foul Ball, location: 2F 0-2: Foul Ball, location: 2F 0-2: Hit by Pitch
|
Batting: SHB José Velásquez
|
0-0: Ball 1-0: Foul Ball, location: 2F 1-1: Ball 2-1: Called Strike 2-2: Ball 3-2: Foul Ball, location: 2F 3-2: Ground out 6-3 (Groundball, 6D) Kirk Powell to second
|
Pitching: RHP Nathan Davis
|
|
Batting: SHB Ron Winston
|
0-0: Ball 1-0: Ground out 1-3 (Groundball, 15S)
|
Bottom of the 7th over - 1 run, 1 hit, 0 errors, 1 left on base; Gainesville 4 - Memphis 1 |
TOP OF THE 8TH |
Gainesville Guidos batting - Pitching for Memphis Blues : RHP Luis Pistoni
|
Batting: RHB Doug Coleman
|
0-0: Called Strike 0-1: Swinging Strike 0-2: Foul Ball, location: 2F 0-2: Ball 1-2: Foul Ball, location: 2F 1-2: Strikes out looking
|
Batting: SHB José Sousa
|
0-0: Ball 1-0: Foul Ball, location: 2F 1-1: Ball 2-1: Ball 3-1: Base on Balls
|
Batting: RHB Júlio Galló
|
0-0: Swinging Strike José Sousa steals 2nd base 0-1: Swinging Strike 0-2: Ground out 6-3 (Groundball, 6)
|
Batting: SHB Cornell Payne
|
0-0: Ball 1-0: Called Strike 1-1: Ball 2-1: Ball 3-1: Fly out, F8 (Flyball, 78D)
|
Top of the 8th over - 0 runs, 0 hits, 0 errors, 1 left on base; Gainesville 4 - Memphis 1 |
BOTTOM OF THE 8TH |
Memphis Blues batting - Pitching for Gainesville Guidos : RHP Nathan Davis
|
Batting: LHB Freddy Torres
|
0-0: Ball 1-0: Called Strike 1-1: Called Strike 1-2: Ball 2-2: Ground out 5-3 (Groundball, 56S)
|
Batting: RHB Brandon Townsley
|
0-0: Called Strike 0-1: Ball 1-1: Ball 2-1: Fly out, F9 (Flyball, 89S)
|
Batting: LHB Brenton Carter
|
0-0: Ground out 4-3 (Groundball, 4)
|
Bottom of the 8th over - 0 runs, 0 hits, 0 errors, 0 left on base; Gainesville 4 - Memphis 1 |
TOP OF THE 9TH |
Gainesville Guidos batting - Pitching for Memphis Blues : RHP Luis Pistoni
|
Batting: RHB Santiago Díaz
|
0-0: Ball 1-0: Fly out, F3 (Popup, 3SF)
|
Batting: RHB Ramiro Santana
|
0-0: Ground out 4-3 (Groundball, 4)
|
Batting: RHB César Castillo
|
0-0: Called Strike 0-1: Swinging Strike 0-2: Ball 1-2: Ball 2-2: Ball 3-2: Base on Balls
|
Batting: RHB Rudy Boyd
|
0-0: Ball 1-0: SINGLE (Line Drive, 9S) César Castillo to second Runner from 2nd tries for 3rd, SAFE, throw made to third
|
Batting: RHB Adrián López
|
0-0: Ground out 1-3 (Groundball, 13S)
|
Top of the 9th over - 0 runs, 1 hit, 0 errors, 2 left on base; Gainesville 4 - Memphis 1 |
BOTTOM OF THE 9TH |
Memphis Blues batting - Pitching for Gainesville Guidos : RHP Nathan Davis
|
Pitching: RHP Dave Mitchell
|
|
Batting: RHB Julian Lee
|
0-0: Foul Ball, location: 2F 0-1: Ground out U3 (Groundball, 34S)
|
Batting: SHB Fernando Gutiérrez
|
0-0: Foul Ball, location: 2F 0-1: Ball 1-1: Ground out 6-3 (Groundball, 56)
|
Batting: RHB Ryan Nelson
|
0-0: Ball 1-0: Reached on error, E3 (Groundball, 34S)
|
Batting: RHB Kirk Powell
|
0-0: Called Strike 0-1: Ball 1-1: Fly out, F9 (Flyball, 89M)
|
Bottom of the 9th over - 0 runs, 0 hits, 1 error, 1 left on base; Gainesville 4 - Memphis 1 |
|